 Dungeon Crawl Stone Soup version 0.22.0-75-g3901e7991e (webtiles) character file.

17340 odie the Severer (level 12, -7/95 HPs)
             Began as a Hill Orc Fighter on Sept 10, 2018.
             Was a Follower of Beogh.
             Mangled by Snorg (16 damage)
             ... on level 11 of the Dungeon on Sept 11, 2018.
             The game lasted 02:14:15 (16331 turns).

odie the Severer (Hill Orc Fighter)                Turns: 16331, Time: 02:14:18

Health: -7/95      AC: 19    Str: 23    XL:     12   Next: 47%
Magic:  2/14       EV:  7    Int: 10    God:    Beogh [*.....]
Gold:   500        SH: 14    Dex: 11    Spells: 11/11 levels left

rFire    . . .     SeeInvis .   a - +0 war axe (flame)
rCold    . . .     Gourm    .   c - +2 shield
rNeg     . . .     Faith    .   s - +1 plate armour of Uskayaw {+Fly Slay+2}
rPois    .         Spirit   .   l - +1 helmet
rElec    .         Reflect  .   (no cloak)
rCorr    .         Harm     .   o - +0 pair of gloves
MR       +....     Rnd*Tele +   (no boots)
Stlth    ..........             (no amulet)
HPRegen  0.25/turn              n - +1 ring of protection
MPRegen  0.14/turn              h - ring of protection from magic

@: drained
A: clever 1, frail 1, teleportitis 1
a: Renounce Religion, Evoke Flight


You were on level 11 of the Dungeon.
You worshipped Beogh.
Beogh was aware of your devotion.
You were not hungry.

You visited 3 branches of the dungeon, and saw 15 of its levels.

You collected 1088 gold pieces.
You spent 588 gold pieces at shops.

Inventory:

Hand Weapons
 a - a +0 war axe of flaming (weapon)
 t - a +0 war axe
Armour
 b - a +0 scale mail
 c - a +2 shield (worn)
 l - a +1 helmet (worn)
 o - a +0 pair of gloves (worn)
 s - the +1 plate armour of Uskayaw (worn) {+Fly Slay+2}
   (You bought it in a shop on level 10 of the Dungeon)

   It affects your accuracy and damage with ranged weapons and melee attacks
   (+2).
   It lets you fly.
 v - a cursed +0 pair of gloves
 B - a +0 pair of gloves
 D - a +2 scale mail of fire resistance
 E - a +0 plate armour
Magical Staves
 p - an uncursed staff of fire {unknown}
Jewellery
 e - an uncursed ring of flight
 h - a ring of protection from magic (right hand)
 k - an uncursed ring of wizardry
 n - a +1 ring of protection (left hand)
 r - a +1 ring of evasion
 u - an uncursed ring of ice
 w - an uncursed ring of stealth
 A - an uncursed ring of protection from fire
 C - an uncursed ring of ice
Wands
 q - a wand of random effects (14)
 x - a wand of flame (29)
 y - a wand of iceblast (9)
Potions
 d - a potion of invisibility
 i - a potion of curing
 j - a potion of agility
 m - a potion of flight
 z - a potion of cancellation
Comestibles
 f - 14 rations


   Skills:
 + Level 10.0(9.5) Fighting
 + Level 15.5(14.9) Axes
 + Level 9.4(9.0) Armour
 + Level 4.3(3.8) Dodging
 + Level 1.4(1.1) Stealth
 + Level 10.6(10.1) Shields
 + Level 3.6(3.2) Invocations
 + Level 0.1(0.0) Evocations


You had 11 spell levels left.
You didn't know any spells.
Your spell library contained the following spells:

 Spells                   Type           Power        Failure   Level  Hunger
 Animate Skeleton         Necr           N/A          100%        1    ##.....
 Corona                   Hex            #......      100%        1    ##.....
 Pain                     Necr           #...         100%        1    ##.....
 Summon Butterflies       Summ           #.......     100%        1    ##.....
 Summon Small Mammal      Summ           #...         100%        1    ##.....
 Call Imp                 Summ           #.......     100%        2    ###....
 Ensorcelled Hibernation  Hex/Ice        #.....       100%        2    ###....
 Poisonous Vapours        Pois/Air       #.....       100%        2    ###....
 Call Canine Familiar     Summ           #.......     100%        3    ####...
 Confuse                  Hex            #.......     100%        3    ####...
 Conjure Flame            Conj/Fire      #.......     100%        3    ####...
 Dazzling Spray           Conj/Hex       #.....       100%        3    ####...
 Mephitic Cloud           Conj/Pois/Air  #.......     100%        3    ####...
 Regeneration             Chrm/Necr      #.........   100%        3    ####...
 Summon Guardian Golem    Hex/Summ       #.......     100%        3    ####...
 Tukima's Dance           Hex            #.......     100%        3    ####...
 Vampiric Draining        Necr           #.........   100%        3    ####...
 Animate Dead             Necr           N/A          100%        4    #####..
 Summon Ice Beast         Ice/Summ       #.......     100%        4    #####..
 Summon Lightning Spire   Summ/Air       #.......     100%        4    #####..
 Summon Mana Viper        Hex/Summ       #.......     100%        5    ######.
 Freezing Cloud           Conj/Ice/Air   #.........   100%        6    #######
 Ring of Flames           Chrm/Fire      #.........   100%        7    #######
 Summon Hydra             Summ           #.........   100%        7    #######


Dungeon Overview and Level Annotations

Branches:
Dungeon (11/15)            Temple (0/1) D:6            Lair (2/6) D:11
    Orc (2/2) D:11
  Swamp: Lair:2-4    Shoals: Lair:2-4     Snake: Lair:2-4    Spider: Lair:2-4
    Elf: Orc:2

Altars:
Ashenzari
Gozag
Hepliaklqana
Kikubaaqudgha
Makhleb
Nemelex Xobeh
Ru
Trog
Vehumet
Wu Jian
Xom

Shops:
D:6 (   D:10 [

Annotations:
D:5 3 runed doors, xpt754's ghost, novice MiFi
D:11 Snorg


Innate Abilities, Weirdness & Mutations

Your mind is acute. (Int +2)
You are frail. (-10% HP)
You are occasionally teleported next to monsters.


Message History

You block Snorg's attack. x2; Snorg claws you but does no damage.
Snorg barely misses you. You block Snorg's attack.
Snorg claws you but does no damage.
Aiming: Smiting
Press: ? - help, Dir - move target cursor, f/p - Snorg Smite: Snorg (heavily wounded, berserk, fast, unusually strong)
You smite Snorg!
Snorg is heavily wounded.
Snorg barely misses you. Snorg claws you but does no damage. x2
Aiming: Smiting
Press: ? - help, Dir - move target cursor, f/p - Snorg Smite: Snorg (heavily wounded, berserk, fast, unusually strong)
You smite Snorg!
Snorg is severely wounded.
You can no longer smite your foes.
You block Snorg's attack. Snorg claws you but does no damage.
You block Snorg's attack. Snorg bites you!
* * * LOW HITPOINT WARNING * * *
Snorg closely misses you. Snorg claws you!
You die...

..#..##.#.# #.##.#.#
.###.##.#.# #......#
#.#.......# ####.####
#..####.### #......#
#.......# #.#.##.#
##.########## #.#.##.# #.#
#.....# #.#....# #.# #.....#
#)#....# #.# #.....# #@T....#
##.## #.....# ###.#### #...#
#.....# #.# ....#####.### #.#
............# #.#
.####..##.#.# #.#
.####..##.#.# ##.#
..........#.# ###..##
##.##..###.####.....#########


You could see Snorg (berserk).

Vanquished Creatures
  Fannar (Orc:1)
  A hydra (D:11)
  4 two-headed ogres
  Nergalle (D:10)
  Pikel (D:5)
  An orc knight (D:11)
  2 orc sorcerers
  A manticore (D:11)
  An ugly thing (D:11)
  A spiny frog (Lair:2)
  4 trolls
  2 hippogriffs
  A wraith (D:10)
  A wyvern (D:11)
  2 basilisks
  6 yaks (D:9)
  A hungry ghost (D:6)
  3 wargs
  4 water moccasins
  7 orc warriors
  A porcupine (Lair:1)
  3 sky beasts
  3 ice beasts
  A black bear (D:11)
  2 eyes of draining (D:11)
  9 ogres
  4 phantoms
  7 centaurs
  A crocodile (Lair:2)
  3 big kobolds
  6 bullfrogs
  2 gnoll sergeants
  4 scorpions
  9 killer bees
  3 wights (D:6)
  4 howler monkeys
  5 crimson imps
  2 jellies
  4 hounds
  11 orc priests
  4 bullfrog skeletons
  A centaur skeleton (D:7)
  3 iguanas
  11 orc wizards
  8 worker ants
  A hound zombie (D:6)
  2 howler monkey zombies
  A worker ant zombie (D:11)
  16 adders
  14 gnolls
  3 shadow imps
  2 oozes
  2 worms
  5 dart slugs
  4 leopard geckos
  50 orcs
  3 giant cockroaches
  7 goblins
  7 hobgoblins
  7 jackals
  6 quokkas
  8 bats
  10 frilled lizards
  20 kobolds
  A leopard gecko skeleton (D:5)
  A quokka skeleton (D:4)
  8 rats
  A fungus (Lair:2)
335 creatures vanquished.

Vanquished Creatures (others)
  A slave (D:5)
  An orc priest (D:10)
  5 orcs
  2 fungi
  4 plants
13 creatures vanquished.

Grand Total: 348 creatures vanquished

Notes
Turn   | Place    | Note
-------+----------+-------------------------------------------
     0 | D:1      | odie the Hill Orc Fighter began the quest for the Orb.
     0 | D:1      | Reached XP level 1. HP: 19/19 MP: 1/1
    45 | D:1      | Reached skill level 3 in Axes
    56 | D:1      | Reached XP level 2. HP: 10/26 MP: 2/2
   666 | D:1      | Reached XP level 3. HP: 33/33 MP: 3/3
  1039 | D:2      | Reached skill level 4 in Axes
  1039 | D:2      | Reached XP level 4. HP: 32/40 MP: 4/4
  1871 | D:2      | Found a faded altar of an unknown god.
  2469 | D:3      | Found a sacrificial altar of Ru.
  2524 | D:3      | Reached XP level 5. HP: 46/46 MP: 5/5
  3385 | D:4      | Reached skill level 5 in Axes
  3385 | D:4      | Reached skill level 1 in Dodging
  3558 | D:4      | Got a bloodstained whip
  3685 | D:4      | Found a radiant altar of Vehumet.
  3878 | D:4      | Identified the cursed +2 whip "Ruxkar Fofu" {slash, Int+2}
                  | (You found it on level 4 of the Dungeon)
  3904 | D:4      | Reached XP level 6. HP: 53/53 MP: 6/6
  4204 | D:4      | Became a worshipper of Beogh the Brigand
  4411 | D:5      | Entered Level 5 of the Dungeon
  4418 | D:5      | Found a bloodstained altar of Trog.
  4447 | D:5      | Noticed an ice beast
  4459 | D:5      | Killed an ice beast
  4516 | D:5      | Reached skill level 6 in Axes
  4516 | D:5      | Reached XP level 7. HP: 24/60 MP: 7/7
  4713 | D:5      | Reached skill level 5 in Shields
  4882 | D:5      | Noticed Pikel
  4918 | D:5      | Killed Pikel
  4918 | D:5      | Reached skill level 5 in Fighting
  4918 | D:5      | Reached skill level 8 in Axes
  4918 | D:5      | Reached skill level 5 in Armour
  4918 | D:5      | Reached XP level 8. HP: 38/69 MP: 8/8
  5023 | D:5      | Found an opulent altar of Gozag.
  5306 | D:5      | Found a sparkling altar of Nemelex Xobeh.
  5361 | D:5      | Found a runed gate.
  5362 | D:5      | Noticed xpt754's ghost (novice MiFi)
  5363 | D:5      | Found a runed gate.
  5363 | D:5      | Found a runed gate.
  5660 | D:6      | Found a burning altar of Makhleb.
  5669 | D:6      | Found a hazy altar of Hepliaklqana.
  5710 | D:6      | Found Beytutirr's Weapon Emporium.
  5813 | D:6      | Reached skill level 9 in Axes
  5886 | D:6      | Reached * piety under Beogh
  6129 | D:6      | Reached XP level 9. HP: 48/75 MP: 9/9
  6429 | D:6      | Found a staircase to the Ecumenical Temple.
  6660 | D:6      | Found an ancient bone altar of Kikubaaqudgha.
  6782 | D:6      | Reached skill level 10 in Axes
  7353 | D:7      | Reached ** piety under Beogh
  8034 | D:7      | Reached skill level 11 in Axes
  8517 | D:7      | Reached XP level 10. HP: 35/84 MP: 10/10
  8773 | D:8      | Reached skill level 1 in Invocations
  8847 | D:8      | Found a shimmering altar of Xom.
  9111 | D:8      | Reached skill level 12 in Axes
  9306 | D:8      | Found an ornate altar of the Wu Jian Council.
  9446 | D:9      | Reached skill level 1 in Stealth
  9462 | D:9      | Noticed a two-headed ogre
  9474 | D:9      | Killed a two-headed ogre
 10019 | D:9      | Reached skill level 13 in Axes
 10313 | D:9      | Reached XP level 11. HP: 48/94 MP: 3/12
 10893 | D:10     | Entered Level 10 of the Dungeon
 10902 | D:10     | Reached *** piety under Beogh
 10982 | D:10     | Found Daameaku's Antique Armour Emporium.
 11004 | D:10     | Noticed Nergalle
 11451 | D:10     | Killed Nergalle
 12333 | D:11     | Noticed a two-headed ogre
 12344 | D:11     | Killed a two-headed ogre
 12344 | D:11     | Reached skill level 14 in Axes
 12553 | D:11     | Noticed a two-headed ogre
 12591 | D:10     | Killed a two-headed ogre
 12994 | D:11     | Found a staircase to the Lair.
 13011 | Lair:1   | Entered Level 1 of the Lair of Beasts
 13172 | D:11     | Noticed a four-headed hydra
 13183 | D:11     | Killed a one-headed hydra
 13183 | D:11     | Reached skill level 10 in Shields
 13271 | D:11     | Noticed a cyan ugly thing
 13279 | D:11     | Killed a cyan ugly thing
 13495 | D:11     | Found a staircase to the Orcish Mines.
 13526 | D:11     | Gained mutation: You are frail. (-10% HP) [potion of
                  | mutation]
 13526 | D:11     | Gained mutation: You are occasionally teleported next to
                  | monsters. [potion of mutation]
 13526 | D:11     | Gained mutation: Your mind is acute. (Int +2) [potion of
                  | mutation]
 13735 | D:11     | Noticed a two-headed ogre
 13754 | D:11     | Killed a two-headed ogre
 13754 | D:11     | Reached XP level 12. HP: 30/93 MP: 11/14
 14134 | D:11     | Found a shattered altar of Ashenzari.
 14375 | Lair:2   | Reached skill level 15 in Axes
 14807 | D:10     | Bought a polished plate armour for 588 gold pieces
 14817 | D:10     | Identified the +1 plate armour of Uskayaw {+Fly Slay+2}
                  | (You bought it in a shop on level 10 of the Dungeon)
 14923 | Orc:1    | Entered Level 1 of the Orcish Mines
 14932 | D:11     | Paralysed by an orc sorcerer for 4 turns
 15072 | Orc:1    | Noticed Fannar
 15430 | Orc:1    | Killed Fannar
 15599 | Orc:1    | Reached skill level 10 in Fighting
 15734 | Orc:2    | Entered Level 2 of the Orcish Mines
 15975 | Orc:2    | Found a radiant altar of Vehumet.
 16058 | Orc:2    | Upgraded the game from 0.22.0-60-ga52c2fcf6e to
                  | 0.22.0-75-g3901e7991e
 16284 | Orc:2    | Noticed Snorg
 16315 | Orc:2    | Noticed an orc warlord
 16322 | Orc:1    | HP: 4/95 [Snorg (5)]
 16331 | D:11     | Mangled by Snorg

Skill      XL: |  1  2  3  4  5  6  7  8  9 10 11 12 |
---------------+-------------------------------------+-----
Axes           | 3 4 5 6 8 9 11 13 14 15 | 15.5
Fighting       | 4 5 6 8 9 10 | 10.0
Shields        | 4 5 6 7 8 10 | 10.6
Dodging        | 1 2 3 4 |  4.3
Armour         | 4 5 6 7 8 9 |  9.4
Invocations    | 1 3 |  3.6
Stealth        | 1 |  1.4
Evocations     | |  0.1

Action                   |  1- 3 |  4- 6 |  7- 9 | 10-12 || total
-------------------------+-------+-------+-------+-------++-------
Melee: War axe           |   125 |   233 |   451 |   718 ||  1527
Invok: Convert to Beogh  |       |     1 |       |       ||     1
       Smiting           |       |       |     4 |    31 ||    35
 Abil: Evoke Flight      |       |       |       |     1 ||     1
  Use: Potion            |     3 |     4 |     3 |    11 ||    21
       Scroll            |     2 |     9 |     4 |    12 ||    27
  Eat: Chunk             |     1 |     6 |     6 |     7 ||    20
       Ration            |       |     1 |     4 |     6 ||    11
Armor: Scale mail        |    78 |    96 |   114 |   117 ||   405
       Plate armour      |       |       |       |   120 ||   120
Dodge: Dodged            |    44 |    59 |   105 |   181 ||   389
Block: Shield            |    63 |   134 |   279 |   473 ||   949
